 Dungeon Crawl Stone Soup version 0.29.1-2-gbd0b4ee654 (webtiles) character file.

Game seed: 16198203073891404278

3687 DildoBatman the Magician (level 10, -1/50 (70) HPs)
             Began as a Formicid Conjurer on Nov 22, 2022.
             Was a Follower of Kikubaaqudgha.
             Slain by a wight
             ... wielding a +0 battleaxe
              (7 damage)
             ... on level 8 of the Dungeon.
             The game lasted 00:29:38 (8121 turns).

DildoBatman the Magician (Formicid Conjurer)        Turns: 8121, Time: 00:29:39

HP:   -1/50 (70)    AC: 11    Str: 15    XL:     10   Next: 35%
MP:   14/19         EV: 12    Int: 22    God:    Kikubaaqudgha [*.....]
Gold: 540           SH:  0    Dex: 12    Spells: 6/21 levels left

rFire   . . .      SeeInvis +   b - +3 spear of Youthful Indiscretion {vorpal, *Rage rPois rC+++ Str+3}
rCold   + + +      Faith    .   (no shield)
rNeg    . . .      Spirit   .   o - +1 leather armour {rF+}
rPois   +          Reflect  .   (helmet unavailable)
rElec   .          Harm     .   u - +2 cloak
rCorr   .          Rampage  .   (no gloves)
Will    +....      Clarity  +   (no boots)
Stlth   ++........              (no amulet)
HPRegen 0.16/turn               r - ring of ice
MPRegen 0.16/turn               s - +4 ring of protection

@: freezing walls, very heavily drained
A: permanent stasis, dig shafts and tunnels, antennae 3, four strong arms,
clarity, poison resistance
a: Dig, Shaft Self, Renounce Religion, Unearth Wretches


You were on level 8 of the Dungeon.
You worshipped Kikubaaqudgha.
Kikubaaqudgha was aware of your devotion.
You visited 2 branches of the dungeon, and saw 9 of its levels.
You also visited: Sewer and Ossuary.

You collected 540 gold pieces.

Inventory:

Hand Weapons
 a - a +0 shortbow
 b - the +3 spear of Youthful Indiscretion (weapon) {vorpal, *Rage rPois rC+++ Str+3}
   (You found it on level 7 of the Dungeon)

   It inflicts extra damage upon your enemies.
   Str:       It affects your strength (+3).
   rC:        It renders you almost immune to cold.
   rPois:     It protects you from poison.
   *Rage:     It berserks you when you make melee attacks (+20% chance).
 K - a +4 falchion
Missiles
 d - 94 stones
 j - 3 boomerangs
 n - 5 poisoned darts
 I - a throwing net
Armour
 o - a +1 leather armour of fire resistance (worn)
 u - a +2 cloak (worn)
Jewellery
 r - a ring of ice (left hand)
 s - a +4 ring of protection (right hand)
Wands
 f - a wand of flame (21)
Scrolls
 e - a scroll of blinking {unknown}
 g - a scroll of silence {unknown}
 h - 2 scrolls of fog
 i - a scroll of brand weapon {unknown}
 l - 2 scrolls of amnesia
 m - 5 scrolls of enchant weapon
 p - 2 scrolls of vulnerability {unknown}
 w - a scroll of enchant armour {unknown}
 y - a scroll of poison
 z - 5 scrolls of identify
 D - a scroll of summoning {unknown}
 F - a scroll of noise {unknown}
 G - a scroll of immolation {unknown}
Potions
 c - 4 potions of curing {unknown}
 k - 2 potions of might {unknown}
 q - a potion of magic
 t - 4 potions of brilliance {unknown}
 v - 5 potions of flight
 x - 2 potions of haste {unknown}
 A - 2 potions of lignification {unknown}
 B - a potion of cancellation {unknown}
 C - a potion of resistance {unknown}
 E - 4 potions of heal wounds
 H - 3 potions of attraction {unknown}


   Skills:
 * Level 3.6 Fighting
 - Level 6.0 Ranged Weapons
 * Level 3.6 Armour
 * Level 2.5 Dodging
 - Level 2.4 Stealth
 * Level 6.4 Spellcasting
 - Level 6.0 Conjurations
 * Level 5.9 Fire Magic
 * Level 5.7 Ice Magic


You had 6 spell levels left.
You knew the following spells:

 Your Spells              Type           Power      Damage    Failure   Level
a - Searing Ray           Conj           66%        2d6       1%          2
b - Conjure Flame         Conj/Fire      33%        6-21      2%          3
c - Stone Arrow           Conj/Erth      40%        3d9       10%         3
d - Vampiric Draining     Necr           7%         2d6       32%         3
e - Frozen Ramparts       Ice            96%        1d15      3%          3
f - Magic Dart            Conj           100%       1d8       1%          1

Your spell library contained the following spells:

 Spells                   Type           Power      Damage    Failure   Level
 Foxfire                  Conj/Fire      100%       2x1d9     1%          1
 Scorch                   Fire           66%        2d8       1%          2
 Dazzling Flash           Conj/Hex       40%        N/A       10%         3
 Inner Flame              Hex/Fire       20%        N/A       10%         3
 Flame Wave               Conj/Fire      33%        2d10      10%         4
 Sticky Flame             Conj/Fire      33%        2d5       10%         4
 Necrotise                Necr           28%        1d5       11%         1
 Sandblast                Erth           14%        2d6       11%         1
 Sting                    Tmut/Pois      28%        1d4       11%         1
 Summon Small Mammal      Summ           28%        N/A       11%         1
 Ignite Poison            Fire/Tmut/Pois 15%        N/A       14%         3
 Passwall                 Tmut/Erth      5%         N/A       16%         2
 Fulminant Prism          Conj/Hex       10%        3d9       30%         4
 Iskenderun's Mystic Bla  Conj/Tloc      20%        2d6       30%         4
 Call Canine Familiar     Summ           7%         N/A       32%         3
 Summon Guardian Golem    Hex/Summ       7%         N/A       32%         3
 Ice Form                 Ice/Tmut       29%        N/A       32%         4
 Summon Ice Beast         Ice/Summ       29%        N/A       32%         4
 Anguish                  Hex/Necr       3%         N/A       71%         4
 Animate Dead             Necr           7%         N/A       71%         4
 Summon Cactus Giant      Summ           3%         N/A       100%        6


Dungeon Overview and Level Annotations

Branches:
Dungeon (8/15)             Temple (1/1) D:6           Sewer (visited)
Ossuary (visited)
   Lair: D:8-11

Altars:
Ashenzari
Cheibriados
Dithmenos
Elyvilon
Fedhas
Gozag
Hepliaklqana
Kikubaaqudgha
Makhleb
Nemelex Xobeh
Okawaru
Qazlal
Ru
Sif Muna
Trog
Uskayaw
Vehumet
Xom
Yredelemnul
Zin

Annotations:
D:7 1 runed translucent door, yegreS's ghost, novice MeEE


Innate Abilities, Weirdness & Mutations

You cannot be hasted, slowed, berserked, paralysed or teleported.
You can dig through walls and to a lower floor.
You have a pair of large antennae on your head. (SInv)
Your four strong arms can wield two-handed weapons with a shield.
You possess an exceptional clarity of mind.
Your system is resistant to poisons. (rPois)


Message History

The wight hits you with a +1 mace.
The wight resists.
The wall freezes the wight.
The wight resists.
The wall freezes the wight.
The wight closely misses you.
You hit the wight.
You destroy the wight!
Kikubaaqudgha accepts your kill.
The wight resists.
The wall freezes the wight.
The wight hits you but does no damage.
The wight resists.
The wall freezes the wight.
You hit the wight but do no damage.
The wight is heavily damaged.
The frozen ramparts melt away.
The wight hits you with a +1 mace!
You feel drained.
Casting: Frozen Ramparts (dangerous; 3% risk of failure)
Confirm with . or Enter, or press ? or * to list all spells.
Casting: Frozen Ramparts (dangerous; 3% risk of failure)
Press: ? - help, Dir - look around, f - activate You feel a surge of power!
The walls around you are covered in ice.
The wight resists.
The wall freezes the wight.
The wight closely misses you.
The wight completely resists.
The wall freezes the wight but does no damage.
The wight hits you with a +1 mace.
You hit the wight but do no damage.
The wight is heavily damaged.
The wall freezes the wight but does no damage.
The wight closely misses you.
The wight completely resists.
The wall freezes the wight but does no damage.
The wight hits you with a +0 battleaxe!
You die...
Kikubaaqudgha rasps: "You have failed me!
Welcome... death!"

## #.# ######.
.. ....#.. #.#
#....#### ).
###[.....<###.#
..........##..#
###..^..####.##
##.....##z@)#
##..#.##z#)#
##.#.[.†#).#
#.###)###.# #.
#..# .. #. ##.#
#)# #. .. ..
#.# #.# ..


You could see 2 wights.

Vanquished Creatures
  A hornet (D:7)
  Sigmund (D:6)
  3 yaks (D:6)
  Menkaure (D:6)
  An orc warrior (D:6)
  An ice beast (D:5)
  3 ogres
  A sky beast (D:7)
  2 black bears
  A kobold brigand (D:8)
  A phantom (D:5)
  5 necrophages
  Blork the orc (D:6)
  5 bullfrogs
  6 scorpions
  2 wights (D:8)
  A jelly (D:7)
  An orc priest (D:5)
  A hound (D:6)
  A gnoll bouda (D:6)
  Terence (D:2)
  3 iguanas
  4 orc wizards
  A scorpion zombie (D:4)
  2 mummies
  6 gnolls
  16 adders
  3 river rats
  A shadow imp (D:5)
  A white imp (D:3)
  3 adder zombies (D:4)
  A worm (D:4)
  5 dart slugs
  29 orcs
  3 spectral bats (Ossuary)
  15 ball pythons
  6 endoplasms
  5 giant cockroaches
  7 goblins
  11 hobgoblins
  5 quokkas
  13 bats
  5 bat simulacra (Ossuary)
  8 frilled lizards
  12 gnoll zombies (Ossuary)
  2 goblin simulacra (Ossuary)
  4 goblin zombies (Ossuary)
  3 hobgoblin zombies (Ossuary)
  18 kobolds
  A kobold simulacrum (Ossuary)
  6 kobold zombies (Ossuary)
  5 orc zombies (Ossuary)
  A quokka zombie (D:4)
  6 rats
  7 rat simulacra (Ossuary)
  2 spectral goblins (Ossuary)
  6 spectral kobolds (Ossuary)
  3 spectral rats (Ossuary)
269 creatures vanquished.

Notes
Turn   | Place    | Note
-------+----------+-------------------------------------------
     0 | D:1      | DildoBatman the Formicid Conjurer began the quest for the
                  | Orb.
     0 | D:1      | Reached XP level 1. HP: 13/13 MP: 3/3
   257 | D:1      | Reached XP level 2. HP: 19/19 MP: 5/5
   260 | D:1      | Learned a level 2 spell: Searing Ray
   364 | D:1      | Reached skill level 1 in Ranged Weapons
   764 | D:2      | Reached XP level 3. HP: 21/24 MP: 6/6
   843 | D:2      | Reached XP level 4. HP: 30/30 MP: 7/7
   917 | D:2      | Noticed Terence
  1022 | D:2      | Learned a level 3 spell: Conjure Flame
  1421 | D:3      | Found a snail-covered altar of Cheibriados.
  1589 | D:3      | Noticed a scorpion
  1597 | D:3      | Killed a scorpion
  1598 | D:3      | Reached XP level 5. HP: 32/36 MP: 0/8
  1630 | D:3      | Reached skill level 1 in Fighting
  1670 | D:3      | Reached skill level 1 in Armour
  1681 | D:3      | Reached skill level 1 in Fire Magic
  1749 | D:3      | Reached XP level 6. HP: 34/43 MP: 9/9
  1766 | D:3      | Found a glowing drain.
  1771 | Sewer    | Entered a sewer
  1901 | Sewer    | Learned a level 3 spell: Frozen Ramparts
  1927 | Sewer    | Gained mutation: Your spells are a little easier to cast,
                  | but a little less powerful. [potion of mutation]
  2937 | D:3      | Found a bloodstained altar of Trog.
  2957 | D:3      | Found a shimmering blue altar of Sif Muna.
  2961 | D:3      | Got Sif Muna's Anthology of Sculpting
  3225 | D:4      | Noticed an ogre
  3235 | D:4      | Killed an ogre
  3236 | D:4      | Reached skill level 1 in Ice Magic
  3236 | D:4      | Reached XP level 7. HP: 22/49 MP: 2/11
  3266 | D:4      | Reached skill level 5 in Conjurations
  3357 | D:4      | Found a sacrificial altar of Ru.
  3394 | D:4      | Learned a level 3 spell: Stone Arrow
  3517 | D:4      | Found a basalt altar of Yredelemnul.
  3529 | D:4      | Lost mutation: Your spells are a little easier to cast, but
                  | a little less powerful. [potion of mutation]
  3529 | D:4      | Gained mutation: You are dopey. (Int -2) [potion of
                  | mutation]
  3529 | D:4      | Gained mutation: Your system is resistant to poisons.
                  | (rPois) [potion of mutation]
  3529 | D:4      | Gained mutation: You have hidden genetic potential. [potion
                  | of mutation]
  3928 | D:4      | Reached XP level 8. HP: 57/57 MP: 9/13
  4161 | D:5      | Entered Level 5 of the Dungeon
  4210 | D:5      | Found a sand-covered staircase.
  4262 | Ossuary  | Entered an ossuary
  4782 | D:5      | Gained mutation: You are agile. (Dex +4, Str/Int -1)
                  | [hidden potential]
  5301 | D:5      | Reached XP level 9. HP: 63/63 MP: 12/15
  5570 | D:6      | Found a radiant altar of Vehumet.
  5600 | D:6      | Found an opulent altar of Gozag.
  5793 | D:7      | Found a stormy altar of Qazlal.
  5990 | D:6      | Gained mutation: You are partially covered in iridescent
                  | scales. (AC +2) [hidden potential]
  5990 | D:6      | Lost mutation: You have hidden genetic potential. [hidden
                  | potential expressed]
  5991 | D:6      | Lost mutation: You are dopey. (Int -2) [potion of mutation]
  5991 | D:6      | Lost mutation: You are partially covered in iridescent
                  | scales. (AC +2) [potion of mutation]
  5991 | D:6      | Gained mutation: You are resistant to electric shocks.
                  | (rElec) [potion of mutation]
  5991 | D:6      | Lost mutation: You are agile. (Dex +4, Str/Int -1) [potion
                  | of mutation]
  5992 | D:6      | Lost mutation: You are resistant to electric shocks.
                  | (rElec) [potion of mutation]
  5992 | D:6      | Lost mutation: Your system is resistant to poisons. (rPois)
                  | [potion of mutation]
  5992 | D:6      | Gained mutation: Your system is resistant to poisons.
                  | (rPois) [potion of mutation]
  5992 | D:6      | Gained mutation: You possess an exceptional clarity of
                  | mind. [potion of mutation]
  6082 | D:6      | Found a staircase to the Ecumenical Temple.
  6091 | Temple   | Entered the Ecumenical Temple
  6294 | Temple   | Became a worshipper of Kikubaaqudgha
  6316 | D:6      | Reached skill level 5 in Ranged Weapons
  6316 | D:6      | Reached skill level 5 in Spellcasting
  6539 | D:2      | Killed Terence
  6656 | D:1      | You are sucked into a shaft and drop 1 floor!
  6659 | D:2      | You are sucked into a shaft and drop 1 floor!
  6662 | D:3      | You are sucked into a shaft and drop 2 floors!
  6685 | D:6      | Noticed Menkaure
  6695 | D:6      | Killed Menkaure
  6784 | D:6      | Noticed Blork the orc
  6794 | D:6      | Killed Blork the orc
  6959 | D:6      | Noticed Sigmund
  6969 | D:6      | Killed Sigmund
  6980 | D:6      | Reached skill level 5 in Fire Magic
  7375 | D:7      | Noticed a hornet
  7381 | D:7      | Reached skill level 5 in Ice Magic
  7381 | D:7      | Reached * piety under Kikubaaqudgha
  7381 | D:7      | Received a gift from Kikubaaqudgha
  7385 | D:7      | Reached XP level 10. HP: 58/70 MP: 10/18
  7393 | D:7      | Learned a level 3 spell: Vampiric Draining
  7594 | D:7      | Identified the +3 spear of Youthful Indiscretion {vorpal,
                  | *Rage rPois rC+++ Str+3}
  7613 | D:7      | Found a runed translucent door.
  7613 | D:7      | Noticed yegreS's ghost (novice MeEE)
  7705 | D:7      | Found a glowing silver altar of Zin.
  8121 | D:8      | Slain by a wight

Illustrated notes

Levels and vault maps discovered:
D:1:      dpeg_arrival_solitude, layout_loops_cross, minivault_25,
          corexii_item_surrounded_by_moat, ebering_dispersal_statue_hall,
          serial_bayou_pond_c
D:2:      layout_basic, grunt_ministairs_4, patterned_corridor, uniq_terence
D:3:      layout_basic, nzn_overflow_gifts_of_might_and_magic,
          mainiacjoe_overflow_concentric_impassable, gup_sewer_entry_spiral,
          st_stairs_2, dreamdust_wishing_well, hangedman_decor_clover_reticule,
          minmay_misc_feat_five, minmay_bisected
D:4:      minmay_chambers_of_fours, layout_loops_ring,
          nicolae_yredelemnul_corpse_copse, nicolae_ru_sacrificial_ziggurat
D:5:      layout_loops_ring, gup_ossuary_entry_pyramid, kennysheep_nondescript,
          nrook_mini_backslash
D:6:      layout_basic, nicolae_gozag_seed_capital, overflow_temple_1_default,
          lemuel_temple_firewalk_a, uniq_sigmund, uniq_menkaure,
          uniq_blork_the_orc
D:7:      layout_basic, zin_scriptorium, mainiacjoe_overflow_paths,
          serial_rivers, chequers_serial_rivers_micro_e,
          chequers_serial_rivers_room_a, chequers_serial_rivers_small_3,
          chequers_serial_rivers_micro_b, hellmonk_ghost_happy_afterlife,
          minivault_23
D:8:      layout_loops_ring, gammafunk_ghost_gnarly_gnolls,
          nicolae_benzene_ring, uniq_erica
Temple:   nicolae_temple_bog_church

Skill      XL: |  1  2  3  4  5  6  7  8  9 10 |
---------------+-------------------------------+-----
Conjurations   | 4 5 6 |  6.0
Ranged Weapons | 1 2 3 4 5 6 |  6.0
Dodging        | 2 |  2.5
Fighting       | 1 2 3 |  3.6
Armour         | 1 2 3 |  3.6
Fire Magic     | 1 2 3 5 |  5.9
Spellcasting   | 3 4 5 6 |  6.4
Ice Magic      | 1 2 3 5 |  5.7
Stealth        | |  2.4

Action                   |  1- 3 |  4- 6 |  7- 9 | 10-12 || total
-------------------------+-------+-------+-------+-------++-------
Melee: Short sword       |     1 |       |       |       ||     1
       Hand axe          |       |    65 |   163 |     2 ||   230
       Punch             |       |     1 |     2 |       ||     3
       Spear             |       |       |       |    19 ||    19
 Fire: Shortbow          |    44 |   125 |   278 |    44 ||   491
 Cast: Magic Dart        |    12 |    32 |     2 |       ||    46
       Searing Ray       |     1 |    12 |     5 |       ||    18
       Conjure Flame     |       |       |    35 |       ||    35
       Frozen Ramparts   |       |       |    14 |    10 ||    24
       Stone Arrow       |       |       |     2 |       ||     2
 Abil: Dig               |       |     1 |       |     2 ||     3
       Shaft Self        |       |       |     3 |       ||     3
  Use: Potion            |       |     1 |     4 |       ||     5
       Scroll            |       |       |     8 |       ||     8
 Stab: Sleeping          |       |       |     5 |       ||     5
Armor: Leather armour    |     3 |    74 |   107 |    16 ||   200
Dodge: Dodged            |     7 |    94 |   173 |    30 ||   304
